Map: 프록시마 정거장 - 래더

Players

Patience - Winner!

  • Race: Protoss Protoss
  • Spawn Location: 1:00

Zest

  • Race: Protoss Protoss
  • Spawn Location: 7:00

Event: IEM XI Katowice - World Championship 2017

VOD

Have the link to the VOD?

Description

Time

  • Played on: March 3, 2017, 12:32 a.m.
  • Length: 10:03

All games in this series

Show
View Real Time Build Order
Export as new Build Order

Patience Protoss - Winner!

Build Orders:  

Get SALT Encoding   

  12  0:00  Probe (Chrono Boost)  
  13  0:11  Probe (Chrono Boost)  
  14  0:17  Pylon  
  14  0:22  Probe (Chrono Boost)  
  15  0:35  Probe (Chrono Boost)  
  16  0:38  Gateway  
  16  0:45  Pylon  
  17  0:50  Probe (Chrono Boost)  
  17  0:57  Assimilator  
  17  1:00  Probe (Chrono Boost)  
  18  1:06  Assimilator  
  18  1:11  Probe (Chrono Boost)  
  19  1:21  Probe (Chrono Boost)  
  20  1:32  Cybernetics Core, Probe (Chrono Boost)  
  21  1:37  Pylon  
  21  1:42  Probe (Chrono Boost)  
  22  1:53  Probe (Chrono Boost)  
  25  2:01  Warp Gate  
  25  2:05  Probe (Chrono Boost)  
  24  2:11  Robotics Facility  
  26  2:18  Probe (Chrono Boost)  
  25  2:30  Stalker  
  25  2:35  Gateway  
  27  2:42  Mothership Core (Chrono Boost)  
  27  2:43  Pylon  
  29  2:53  Gateway  
  29  3:04  Immortal  
  33  3:35  Robotics Bay  
  33  3:39  Warp Prism  
  34  4:00  Pylon  
  34  4:06  Stalker x2  
  34  4:07  Stalker  
  40  4:18  Disruptor  
  43  4:30  Pylon  
  43  4:47  Gravitic Drive  
  43  4:49  Pylon  
  43  4:59  Disruptor  
  46  5:14  Adept x2  
  46  5:20  Adept  
  52  5:30  Nexus  
  52  5:39  Adept  
  48  5:47  Adept  
  48  5:53  Adept  
  45  6:02  Stalker  
  37  6:21  Stalker x2  
  37  6:31  Probe (Chrono Boost)  
  40  6:49  Adept x3  
  46  7:13  Stalker x2  
  46  7:14  Stalker  
  45  7:36  Stalker  
  45  7:37  Stalker x2  
  39  8:00  Stalker  
  39  8:01  Stalker  
  39  8:03  Zealot  
  39  8:40  Zealot x2  
  39  8:59  Probe (Chrono Boost)  
Show
View Real Time Build Order
Export as new Build Order

Zest Protoss 

Build Orders:  

Get SALT Encoding   

  12  0:00  Probe (Chrono Boost)  
  13  0:11  Probe (Chrono Boost)  
  14  0:17  Pylon  
  14  0:22  Probe (Chrono Boost)  
  16  0:35  Probe (Chrono Boost)  
  16  0:38  Gateway  
  16  0:46  Probe (Chrono Boost)  
  17  0:50  Pylon  
  17  0:56  Probe (Chrono Boost)  
  18  1:00  Assimilator  
  18  1:07  Probe (Chrono Boost)  
  18  1:08  Assimilator  
  19  1:18  Probe (Chrono Boost)  
  20  1:26  Cybernetics Core  
  20  1:28  Probe (Chrono Boost)  
  21  1:39  Probe (Chrono Boost)  
  22  1:49  Probe (Chrono Boost)  
  23  1:57  Nexus  
  23  2:00  Sentry  
  24  2:02  Probe (Chrono Boost)  
  24  2:04  Warp Gate  
  26  2:14  Probe (Chrono Boost)  
  27  2:25  Probe (Chrono Boost)  
  27  2:29  Stalker  
  30  2:35  Probe (Chrono Boost)  
  31  2:40  Pylon  
  33  2:58  Mothership Core (Chrono Boost)  
  33  2:59  Twilight Council  
  33  3:03  Stalker  
  35  3:21  Gateway  
  35  3:24  Gateway  
  35  3:25  Gateway  
  35  3:30  Sentry  
  36  3:36  Robotics Facility  
  36  3:54  Pylon  
  36  4:06  Stalker  
  38  4:20  Stalker x3  
  38  4:21  Immortal  
  38  4:22  Pylon  
  48  4:31  Zealot  
  48  4:47  Adept x3  
  54  4:55  Immortal  
  54  5:18  Probe (Chrono Boost)  
  54  5:19  Probe (Chrono Boost)  
  56  5:27  Stargate  
  56  5:29  Warp Prism  
  56  5:32  Probe x2 (Chrono Boost)  
  56  5:33  Pylon  
  50  5:49  Stalker x3  
  44  5:59  Stalker  
  36  6:17  Stalker  
  36  6:18  Stalker  
  37  6:54  Probe x2 (Chrono Boost)  
  39  7:06  Probe x2 (Chrono Boost)  
  41  7:22  Stalker  
  43  7:23  Stalker  

Tags
 
Add a new tag
Caveats
  • Supply blocks, unpowered buildings, or Contaminate may cause inaccurate times.
  • Supply counts are checked every 10 seconds.